 Dungeon Crawl Stone Soup version 0.29.1-15-g9cfb28693d (webtiles) character file.

Game seed: 2185759839593450542

345 101zpm the Magician (level 6, -3/41 HPs)
             Began as a Djinni Fire Elementalist on Apr 20, 2023.
             Slain by an ufetubus (4 damage)
             ... on level 5 of the Dungeon.
             The game lasted 00:08:51 (3571 turns).

101zpm the Magician (Djinni Fire Elementalist)      Turns: 3571, Time: 00:08:52

Health: -3/41      AC:  3    Str:  7    XL:     6   Next: 89%
Gold:   153        EV: 16    Int: 19    God:
                   SH:  0    Dex: 13

rFire   + + .      SeeInvis .   (no weapon)
rCold   x . .      Faith    .   (no shield)
rNeg    . . .      Spirit   .   a - +1 robe
rPois   ∞          Reflect  .   (no helmet)
rElec   .          Harm     .   (no cloak)
rCorr   .          Rampage  .   (no gloves)
Will    .....                   (boots unavailable)
Stlth   ++........              (no amulet)
HPRegen 0.13/turn               b - +4 ring of evasion
MPRegen 0.00/turn               (no ring)

@: flying
A: sickness immunity, fire resistance 2, cold vulnerability 1, float, innate
caster, HP casting, extra vitality 1
a: no special abilities


You were on level 5 of the Dungeon.
You visited 1 branch of the dungeon, and saw 4 of its levels.

You collected 153 gold pieces.

Inventory:

Armour
 a - a +1 robe (worn)
Jewellery
 b - a +4 ring of evasion (left hand)
 k - an amulet of the acrobat
Wands
 l - a wand of quicksilver (5)
Scrolls
 d - 2 scrolls of identify
 i - 3 scrolls of noise
Potions
 j - a potion of magic {unknown}


   Skills:
 + Level 0.7 Fighting
 + Level 2.4 Dodging
 + Level 2.2 Stealth
 + Level 5.2 Spellcasting


You couldn't memorise any spells.
You knew the following spells:

 Your Spells              Type           Power      Damage    Failure   Level
a - Foxfire               Conj/Fire      100%       2x1d9     1%          1
b - Scorch                Fire           50%        2d7       2%          2
c - Conjure Flame         Conj/Fire      25%        6-21      4%          3
d - Inner Flame           Hex/Fire       25%        N/A       4%          3
e - Flame Wave            Conj/Fire      25%        2d8       14%         4
f - Beastly Appendage     Tmut           50%        N/A       1%          1
g - Call Imp              Summ           25%        N/A       2%          2
Your spell library was empty.

Dungeon Overview and Level Annotations

Branches:
Dungeon (3/15)

Altars:
Elyvilon
Makhleb
Okawaru

Shops:
D:5 *


Innate Abilities, Weirdness & Mutations

You are immune to sickness and miasma.
You are immune to poison.
Your flesh is very heat resistant. (rF++)
You are vulnerable to cold. (rC-)
You float through the air rather than walking.
You learn spells naturally, not from books.
Your magical power is your life essence.
You have superior vitality. (+4 MHP)


Message History

You assume a fearsome visage.
The ufetubus looks frightened!
The orc looks frightened! x4
The orc shouts!
Okay, then.
It was a potion of flight.
You feel more buoyant.
It was a potion of cancellation.
Your magical effects are unravelling.
You feel magically purged.
You hear the brisk hiss of an avalanche of sand nearby.
You feel your willpower return.
The orc's inner flame fades away.
An orc wizard comes into view. It is wielding a +0 dagger.
Casting: Foxfire (safe; 1% risk of failure)
Confirm with . or Enter, or press ? or * to list all spells.
Flames lash the orc.
You kill the orc!
* * * LOW HITPOINT WARNING * * *
Cornered, the ufetubus turns to fight!
There is an open door here.
Things that are here:
a +0 mace; a +0 leather armour; an orc corpse
Casting: Scorch (safe; 2% risk of failure)
Confirm with . or Enter, or press ? or * to list all spells.
You don't have enough health to cast this spell.
Casting: Foxfire (safe; 1% risk of failure)
Press: ? - help, Q - select action, (/) - cycle Dir - look around, f - activate You conjure some foxfire!
* * * LOW HITPOINT WARNING * * *
Cornered, the orc turns to fight!
The orc wizard casts a spell.
The orc wizard flickers and vanishes!
Deactivating autopickup; reactivate with Ctrl-A.
Cornered, the orc turns to fight!
The foxfire hits something.
The foxfire hits something!
The ufetubus attacks as you move away! The ufetubus completely misses you.
The ufetubus hits you.
* * * LOW HITPOINT WARNING * * *
The ufetubus hits you.
You die...

########
#.{....#
#)####.##
#.......#..#
#.......##.##
#..5....##.5##
#...∩...###.@#
#.......#
##.####
#oo.....#
#....#########
#.......#
####...$.....###
##.##o......#
#§##.##o##.##
##.#..#...#..#
##............#
#........_...o#


You could see an ufetubus (weak-willed).

Vanquished Creatures
  2 black bears (D:5)
  A hound (D:5)
  A jelly (D:5)
  An orc priest (D:5)
  2 adders (D:3)
  A white imp (D:5)
  2 worms (D:2)
  A dart slug (D:5)
  4 orcs
  2 bats (D:2)
  5 endoplasms
  3 giant cockroaches
  2 goblins
  2 hobgoblins
  3 kobolds
  2 quokkas
  5 ball pythons
  4 frilled lizards
43 creatures vanquished.

Vanquished Creatures (others)
  182 foxfires
182 creatures vanquished.

Grand Total: 225 creatures vanquished

Notes
Turn   | Place    | Note
-------+----------+-------------------------------------------
     0 | D:1      | 101zpm the Djinni Fire Elementalist began the quest for the
                  | Orb.
     0 | D:1      | 101zpm set off with the following spells memorised:
                  | Foxfire, Scorch, Conjure Flame, Inner Flame, Flame Wave.
     0 | D:1      | Reached XP level 1. HP: 15/15 MP: 0/0
   493 | D:2      | Reached XP level 2. HP: 19/22 MP: 0/0
  1643 | D:2      | Reached skill level 3 in Spellcasting
  1695 | D:2      | Reached XP level 3. HP: 23/26 MP: 0/0
  1695 | D:2      | Learned a level 1 spell: Beastly Appendage
  1762 | D:2      | Found a faded altar of an unknown god.
  2889 | D:3      | Found a burning altar of Makhleb.
  3139 | D:3      | Found a white marble altar of Elyvilon.
  3180 | D:3      | Reached XP level 4. HP: 26/31 MP: 0/0
  3305 | D:3      | You are sucked into a shaft and drop 2 floors!
  3305 | D:5      | Entered Level 5 of the Dungeon
  3317 | D:5      | Reached XP level 5. HP: 20/36 MP: 0/0
  3317 | D:5      | Learned a level 2 spell: Call Imp
  3321 | D:5      | Reached skill level 4 in Spellcasting
  3338 | D:5      | Noticed a black bear
  3342 | D:5      | Killed a black bear
  3343 | D:5      | Reached XP level 6. HP: 10/41 MP: 0/0
  3358 | D:5      | Noticed a black bear
  3364 | D:5      | Killed a black bear
  3365 | D:5      | Reached skill level 5 in Spellcasting
  3365 | D:5      | Found an iron altar of Okawaru.
  3552 | D:5      | Found Losi's Assorted Antiques.
  3570 | D:5      | HP: 1/41 [ufetubus (1)]
  3571 | D:5      | Slain by an ufetubus

Illustrated notes

Levels and vault maps discovered:
D:1:      moated_graveyard_arrival, layout_loops_cross, serial_bayou_pond_d
D:2:      layout_loops_cross, basic_ecumenical_altar
D:3:      layout_loops_corners, mainiacjoe_overflow_catwalk,
          mainiacjoe_overflow_cross_hatched, minmay_misc_feat_square,
          dk_noncrumbling_4
D:5:      layout_rooms, okawaru_gym_becter, nicolae_ossuary_entry_monument,
          minmay_fountain_box, dk_noncrumbling_2,
          chequers_serial_rivers_micro_c, hellmonk_bongcloud_opening,
          kennysheep_small_square

Skill      XL: |  1  2  3  4  5  6 |
---------------+-------------------+-----
Spellcasting   | 3 4 5 |  5.2
Stealth        | 2 |  2.2
Fighting       | |  0.7
Dodging        | |  2.4

Action                   |  1- 3 |  4- 6 || total
-------------------------+-------+-------++-------
Melee: Unarmed           |     5 |       ||     5
 Cast: Foxfire           |    95 |    28 ||   123
       Scorch            |    10 |     6 ||    16
       Inner Flame       |     2 |     9 ||    11
       Beastly Appendage |     2 |       ||     2
       Call Imp          |       |     3 ||     3
  Use: Scroll            |       |     5 ||     5
       Potion            |       |     2 ||     2
Armor: Robe              |       |     1 ||     1
Dodge: Dodged            |     5 |     2 ||     7
